Map: [ESL] Cosmic Sapphire

Players

PtitDrogo - Winner!

  • Race: Protoss Protoss
  • Spawn Location: 5:00

Scarlett

  • Race: Zerg Zerg
  • Spawn Location: 11:00

Event: DreamHack SC2 Masters 2022 Atlanta (Offline)

VOD

Have the link to the VOD?

Description

Time

  • Played on: Nov. 18, 2022, 1:30 p.m.
  • Length: 16:18

All games in this series

Show
View Real Time Build Order
Export as new Build Order

PtitDrogo Protoss - Winner!

Build Orders: 1 Gate Expand, Oracle Opening, Zealot Archon 

Get SALT Encoding   

  12  0:00  Probe  
  13  0:12  Probe  
  14  0:20  Pylon  
  14  0:24  Probe  
  15  0:38  Probe (Chrono Boost)  
  15  0:40  Gateway  
  16  0:47  Probe (Chrono Boost)  
  16  0:49  Assimilator  
  17  0:52  Probe (Chrono Boost)  
  18  1:04  Probe  
  19  1:17  Probe  
  20  1:27  Nexus  
  20  1:36  Cybernetics Core  
  20  1:39  Probe  
  21  1:44  Assimilator  
  21  1:51  Probe  
  22  1:55  Pylon  
  22  2:03  Probe  
  23  2:10  Adept (Chrono Boost)  
  25  2:17  Stargate  
  25  2:18  Probe  
  26  2:25  Warp Gate  
  26  2:32  Adept, Probe (Chrono Boost)  
  29  2:39  Probe (Chrono Boost)  
  31  2:48  Probe (Chrono Boost)  
  31  2:49  Probe (Chrono Boost)  
  32  2:54  Probe (Chrono Boost)  
  32  2:55  Probe  
  34  3:00  Oracle (Chrono Boost)  
  36  3:05  Probe  
  36  3:07  Probe  
  36  3:16  Pylon  
  36  3:18  Probe  
  36  3:19  Probe  
  38  3:27  Oracle (Chrono Boost)  
  38  3:30  Probe  
  38  3:34  Probe  
  43  3:43  Nexus  
  43  3:44  Probe  
  43  3:46  Probe  
  45  3:48  Pylon  
  45  3:56  Probe  
  45  3:57  Oracle  
  45  3:59  Probe  
  50  4:08  Probe (Chrono Boost), Assimilator  
  51  4:10  Assimilator  
  51  4:11  Probe (Chrono Boost)  
  51  4:13  Adept  
  54  4:20  Probe (Chrono Boost)  
  54  4:21  Pylon  
  54  4:23  Probe (Chrono Boost)  
  56  4:27  Probe (Chrono Boost)  
  56  4:28  Probe (Chrono Boost)  
  58  4:34  Probe  
  58  4:37  Probe  
  60  4:39  Twilight Council, Forge  
  60  4:46  Probe  
  60  4:50  Robotics Facility, Probe (Chrono Boost)  
  62  4:53  Stalker  
  62  4:58  Probe (Chrono Boost)  
  62  4:59  Probe (Chrono Boost)  
  66  5:02  Shield Battery  
  66  5:03  Gateway  
  66  5:04  Gateway  
  67  5:07  Probe (Chrono Boost)  
  67  5:08  Probe x2 (Chrono Boost)  
  67  5:10  Gateway  
  67  5:13  Probe x2 (Chrono Boost)  
  70  5:19  Probe (Chrono Boost)  
  72  5:21  Protoss Ground Weapons Level 1 (Chrono Boost), Pylon  
  72  5:22  Charge (Chrono Boost)  
  72  5:28  Probe (Chrono Boost)  
  74  5:29  Templar Archives, Probe (Chrono Boost)  
  74  5:31  Probe (Chrono Boost)  
  75  5:38  Zealot  
  75  5:40  Probe (Chrono Boost)  
  75  5:41  Probe x2 (Chrono Boost)  
  80  5:45  Gateway  
  80  5:47  Gateway  
  80  5:49  Probe  
  81  5:50  Gateway  
  81  5:51  Probe  
  81  5:55  Photon Cannon  
  82  5:59  Zealot  
  82  6:00  Zealot x2  
  82  6:01  Pylon  
  88  6:04  Assimilator x2  
  88  6:10  Warp Prism (Chrono Boost), Pylon  
  90  6:20  Probe, Gateway  
  90  6:22  Pylon  
  91  6:25  High Templar x4  
  99  6:34  Archon x2  
  99  6:39  Pylon  
  99  6:41  Nexus  
  99  6:54  High Templar  
  99  6:55  Zealot, High Templar  
  99  6:57  Zealot x2, Blink (Chrono Boost)  
  99  6:58  Zealot x2  
  99  6:59  Archon  
  113  7:05  Probe  
  113  7:08  Pylon  
  114  7:10  Pylon  
  114  7:20  Zealot x5  
  122  7:28  Zealot x2  
  122  7:29  Protoss Ground Weapons Level 2 (Chrono Boost)  
  120  7:32  Psionic Storm  
  103  7:41  Probe x2  
  103  7:42  Probe  
  92  7:46  High Templar x3  
  92  7:47  Zealot x3  
  104  7:53  Probe  
  104  7:56  Immortal (Chrono Boost)  
  105  8:00  Probe x2  
  105  8:03  Shield Battery  
  111  8:06  Photon Cannon  
  111  8:07  High Templar x2  
  111  8:08  Zealot x3  
  111  8:11  Probe  
  111  8:12  Probe, Assimilator  
  123  8:13  Probe  
  123  8:15  Probe  
  123  8:16  Assimilator  
  123  8:17  Shield Battery  
  125  8:23  Probe, Pylon  
  125  8:24  Probe  
  125  8:26  Probe  
  128  8:29  High Templar x2  
  128  8:30  Zealot x4  
  140  8:34  Archon, Probe  
  140  8:51  Stalker x6  
  148  8:55  Immortal (Chrono Boost)  
  148  9:07  Gateway x2  
  148  9:09  Gateway  
  148  9:10  Photon Cannon  
  144  9:19  High Templar x4  
  144  9:20  Zealot x4  
  144  9:23  Archon  
  144  9:24  Archon, Photon Cannon  
  156  9:25  Gateway  
  156  9:26  Pylon  
  156  9:31  Shield Battery  
  144  9:40  Probe (Chrono Boost)  
  144  9:44  Probe (Chrono Boost)  
  144  9:45  Probe x2 (Chrono Boost)  
  131  9:47  Zealot x3  
  131  9:50  Probe (Chrono Boost)  
  141  9:53  Zealot x2  
  141  9:54  Probe x3 (Chrono Boost)  
  145  10:04  Probe x2  
  145  10:07  Probe  
  134  10:14  Probe  
  134  10:17  Protoss Ground Weapons Level 3 (Chrono Boost)  
  134  10:18  Zealot  
  134  10:19  High Templar x3  
  134  10:20  Probe  
  144  10:26  Probe x3  
  147  10:28  Pylon  
  147  10:34  Immortal (Chrono Boost), Probe  
  144  10:41  Pylon  
  148  10:43  Shield Battery  
  148  10:44  High Templar x4  
  148  10:48  Gateway  
  148  10:49  Archon x2  
  156  10:50  Gateway x2  
  156  10:53  Pylon  
  156  10:59  Photon Cannon  
  156  11:01  Stalker x5  
  156  11:03  Immortal (Chrono Boost)  
  154  11:26  High Templar x6  
  154  11:27  Zealot x3  
  154  11:31  Archon x3  
  172  11:35  Immortal, Gateway  
  172  11:36  Pylon  
  172  11:38  Pylon  
  176  11:41  Pylon  
  174  11:51  High Templar x3  
  174  11:52  Nexus  
  180  11:55  Pylon  
  180  11:56  Archon  
  180  11:58  Pylon  
  180  12:09  Stalker  
  180  12:12  Stalker  
  180  12:14  Stalker x4  
  180  12:15  Stalker x2  
  164  12:33  Warp Prism (Chrono Boost)  
  154  12:42  Photon Cannon  
  154  12:43  Shield Battery, Photon Cannon  
  154  12:44  Zealot x5, High Templar x3  
  150  12:45  Zealot x2, Photon Cannon  
  150  12:46  Shield Battery  
  166  12:54  Probe x3  
  169  13:03  Immortal (Chrono Boost)  
  169  13:17  Zealot x5, High Templar x6  
  191  13:22  Archon x3  
  191  13:25  Zealot  
  185  13:42  High Templar  
  185  13:43  Zealot x4  
  185  13:46  Probe x2 (Chrono Boost)  
  181  13:52  Probe x2 (Chrono Boost)  
  161  14:01  Zealot x7  
  171  14:04  Probe  
  171  14:05  Probe x2  
  171  14:06  Protoss Ground Armor Level 1 (Chrono Boost)  
  170  14:10  Probe  
  170  14:14  Probe  
  148  14:27  Zealot x3, High Templar x6  
  148  14:28  Zealot x3  
  166  14:33  Archon x3  
  166  14:38  Probe  
  157  14:50  Observer (Chrono Boost)  
  157  14:51  Zealot x6  
  169  15:05  Assimilator, High Templar x6  
  169  15:07  Assimilator  
  181  15:09  Archon x2  
  181  15:10  Archon  
  181  15:12  High Templar x2  
  185  15:17  Archon  
  185  15:23  Stalker x4  
  191  15:42  Zealot x6  
  182  15:59  Zealot x6  
Show
View Real Time Build Order
Export as new Build Order

Scarlett Zerg 

Build Orders: Hatch First 

Get SALT Encoding   

  12  0:00  Drone  
  13  0:12  Overlord  
  13  0:17  Drone  
  14  0:30  Drone x2  
  16  0:44  Drone  
  17  0:50  Hatchery  
  17  0:54  Drone  
  17  0:57  Drone  
  18  1:08  Extractor  
  17  1:12  Spawning Pool  
  17  1:15  Drone  
  17  1:19  Drone  
  18  1:28  Drone  
  19  1:39  Drone  
  20  1:49  Overlord  
  20  1:58  Queen  
  22  2:02  Queen, Drone  
  22  2:03  Zergling x2  
  26  2:12  Drone  
  26  2:13  Metabolic Boost  
  26  2:15  Drone  
  28  2:23  Drone  
  29  2:30  Drone  
  29  2:33  Hatchery  
  29  2:39  Zergling x2  
  29  2:42  Queen  
  32  2:46  Drone  
  32  2:50  Overlord  
  33  2:55  Drone x2  
  35  3:02  Spore Crawler  
  33  3:08  Drone x3  
  37  3:12  Drone  
  37  3:13  Drone x2  
  37  3:15  Queen  
  37  3:18  Overlord  
  41  3:22  Drone  
  41  3:23  Zergling x2  
  41  3:25  Drone  
  44  3:30  Overlord  
  44  3:36  Queen  
  46  3:43  Drone x3  
  46  3:45  Spore Crawler  
  46  3:47  Queen  
  50  3:49  Drone  
  50  3:51  Drone  
  52  3:56  Drone x3  
  52  4:00  Spore Crawler  
  52  4:01  Drone  
  55  4:05  Evolution Chamber  
  55  4:07  Drone x2  
  56  4:11  Drone x3  
  59  4:21  Drone  
  59  4:23  Evolution Chamber  
  59  4:27  Drone x6  
  64  4:35  Overlord  
  64  4:37  Zerg Melee Weapons Level 1  
  65  4:39  Overlord  
  65  4:43  Overlord  
  65  4:45  Drone  
  66  4:49  Hatchery  
  66  4:52  Drone, Overlord  
  66  4:53  Queen  
  66  4:54  Drone x3  
  66  4:57  Overlord  
  71  5:01  Spore Crawler  
  71  5:02  Extractor  
  71  5:03  Drone x4  
  71  5:04  Extractor  
  73  5:07  Drone x3  
  73  5:09  Zergling x4  
  79  5:15  Queen  
  80  5:21  Zergling x14  
  86  5:28  Queen  
  86  5:30  Lair  
  86  5:33  Baneling Nest  
  87  5:37  Drone x7  
  94  5:43  Overlord  
  94  5:44  Overlord x2, Extractor  
  93  5:50  Zergling x10  
  97  5:58  Roach Warren  
  97  6:01  Hatchery  
  95  6:04  Drone x2  
  95  6:05  Drone x3  
  95  6:10  Extractor  
  99  6:13  Extractor  
  99  6:14  Drone x7  
  99  6:17  Overlord  
  105  6:21  Overlord  
  105  6:26  Drone  
  105  6:31  Zerg Melee Weapons Level 2, Centrifugal Hooks  
  106  6:36  Spore Crawler  
  106  6:38  Drone x11  
  114  6:42  Glial Reconstitution  
  114  6:47  Roach  
  114  6:48  Roach x4  
  124  6:59  Roach x5  
  124  7:00  Roach x2  
  137  7:05  Baneling  
  137  7:06  Baneling x12  
  137  7:07  Roach  
  137  7:08  Roach  
  141  7:10  Roach  
  141  7:11  Roach  
  145  7:22  Roach x7  
  156  7:25  Roach x3  
  155  7:31  Roach x3  
  155  7:36  Roach x4  
  153  7:37  Zergling x2  
  153  7:38  Zergling x2  
  148  7:51  Drone  
  149  7:56  Overlord x3  
  149  7:57  Overlord x3  
  149  8:04  Overlord x2  
  149  8:05  Pneumatized Carapace  
  149  8:13  Overlord  
  149  8:19  Zergling x2, Roach x2  
  159  8:20  Zergling x34  
  159  8:22  Ravager x7  
  159  8:23  Ravager  
  159  8:26  Overlord  
  179  8:27  Zergling x2  
  179  8:28  Zergling x4  
  179  8:31  Zergling x8  
  179  8:32  Zergling x2  
  187  8:41  Zergling x12  
  193  8:44  Ravager x3  
  193  8:45  Baneling x7  
  193  8:47  Zergling x8  
  195  8:56  Baneling x6  
  195  8:57  Zergling x8  
  195  9:01  Baneling  
  195  9:02  Baneling x3  
  198  9:06  Baneling x3  
  198  9:13  Zergling x6  
  199  9:23  Zergling x2, Roach x3, Spine Crawler  
  199  9:24  Spine Crawler  
  199  9:25  Spine Crawler  
  199  9:27  Spine Crawler  
  191  9:34  Zergling x18  
  191  9:35  Zergling x8  
  190  9:46  Zergling x20  
  190  9:52  Roach x5  
  199  9:57  Baneling x9  
  188  10:02  Zerg Missile Weapons Level 1  
  188  10:03  Drone x9  
  188  10:05  Baneling x6  
  180  10:25  Drone x6  
  180  10:26  Drone x4  
  189  10:30  Infestation Pit  
  189  10:33  Baneling x10  
  189  10:34  Baneling x10  
  188  10:36  Zergling x18  
  197  10:45  Spine Crawler  
  197  10:47  Spine Crawler  
  197  10:49  Spine Crawler  
  190  10:58  Zergling x18  
  185  11:05  Roach x7  
  176  11:22  Ravager  
  176  11:23  Zergling x22  
  186  11:35  Zergling x10  
  186  11:36  Hive  
  190  11:41  Spire  
  190  11:42  Hatchery  
  190  11:43  Overseer  
  188  11:48  Spore Crawler  
  188  11:50  Drone x4  
  188  11:53  Drone  
  192  11:54  Extractor  
  192  11:56  Drone x3  
  192  11:58  Zerg Missile Weapons Level 2  
  194  12:05  Zergling x14  
  194  12:06  Zergling x2  
  194  12:07  Zergling x2  
  190  12:19  Roach x11  
  176  12:36  Zergling x14, Roach x6  
  182  12:43  Baneling x15  
  182  12:47  Ravager x2  
  182  12:49  Ravager x2  
  182  12:50  Zergling x24  
  198  12:58  Zergling x2  
  199  13:00  Unknown  
  193  13:09  Baneling  
  193  13:10  Baneling x26  
  193  13:11  Zergling x16  
  194  13:20  Spine Crawler x2  
  194  13:23  Drone x2  
  194  13:25  Drone x3  
  191  13:27  Spine Crawler  
  191  13:30  Zergling x20  
  185  13:50  Zergling x30  
  168  13:57  Roach x5  
  158  14:04  Roach x3  
  158  14:10  Roach x3  
  158  14:15  Zergling x18  
  158  14:16  Baneling  
  158  14:17  Baneling x18  
  171  14:20  Roach, Ravager  
  171  14:21  Roach  
  162  14:25  Roach  
  149  14:31  Zergling x2  
  139  14:43  Hatchery  
  139  14:44  Corruptor x3  
  144  14:53  Ravager x3  
  144  14:54  Ravager x6  
  144  14:55  Ravager  
  144  14:58  Baneling x2  
  154  15:00  Drone x3  
  154  15:02  Extractor  
  154  15:03  Extractor  
  154  15:04  Drone x2  
  154  15:05  Drone x2  
  159  15:08  Drone x2  
  160  15:20  Roach x7  
  172  15:24  Zergling x2  
  171  15:45  Zergling x16  
Tags
 
Add a new tag
Caveats
  • Supply blocks, unpowered buildings, or Contaminate may cause inaccurate times.
  • Supply counts are checked every 10 seconds.